Map: Ruins of Seras

Players

Manta - Winner!

  • Race: Zerg Zerg
  • League: Silver

Kozey

  • Race: Protoss Protoss
  • League: Gold

VOD

Have the link to the VOD?

Description

Time

  • Played on: Feb. 20, 2016, 10:12 a.m.
  • Length: 8:35
Show
View Real Time Build Order
Export as new Build Order

Manta Zerg - Winner!

Build Orders: Pool First 

Get SALT Encoding   

  12  0:01  Drone  
  13  0:13  Overlord  
  13  0:24  Drone  
  14  0:33  Drone  
  14  0:34  Drone  
  16  0:36  Drone  
  16  0:42  Extractor  
  16  0:53  Spawning Pool  
  15  0:58  Drone  
  15  1:00  Drone  
  17  1:08  Overlord  
  17  1:40  Zergling x2  
  17  1:41  Zergling x2  
  19  1:49  Zergling x2  
  19  1:54  Hatchery  
  19  1:58  Metabolic Boost  
  19  2:00  Zergling x2  
  20  2:08  Drone  
  21  2:13  Queen  
  23  2:23  Drone  
  23  2:27  Extractor  
  23  2:32  Drone  
  24  3:03  Zergling x2  
  24  3:04  Zergling x4  
  24  3:34  Zergling x2  
  24  3:35  Zergling x8  
  24  3:41  Drone  
  28  3:58  Hatchery  
  25  4:07  Queen  
  25  4:08  Drone  
  25  4:09  Drone x7  
  35  4:11  Lair  
  34  4:32  Evolution Chamber  
  34  4:36  Drone x2  
  35  4:38  Extractor  
  35  4:40  Overlord  
  35  4:42  Overlord  
  34  4:46  Zergling x2  
  31  5:18  Drone, Spire  
  31  5:19  Drone x2  
  33  5:24  Zerg Ground Armor Level 1  
  33  5:26  Queen  
  33  5:27  Drone x2  
  38  5:28  Drone  
  38  5:32  Drone x2  
  40  5:38  Zergling x2  
  40  5:39  Zergling x2  
  42  5:47  Drone x3  
  42  5:49  Drone  
  46  5:51  Drone  
  47  5:59  Zergling x6  
  50  6:20  Drone x3  
  50  6:21  Drone x2, Extractor  
  50  6:23  Zergling x6  
  57  6:32  Overlord x2  
  57  6:33  Overlord  
  57  6:35  Drone  
  52  7:07  Drone x3  
  52  7:08  Drone x3, Mutalisk  
  58  7:09  Mutalisk x6  
  58  7:10  Mutalisk x2  
  76  7:21  Zergling x10  
  81  7:24  Overlord  
  81  7:45  Overlord x2  
  81  7:55  Overlord  
  81  7:57  Drone  
  82  8:08  Mutalisk x6  
Show
View Real Time Build Order
Export as new Build Order

Kozey Protoss 

Build Orders: 1 Gate Expand 

Get SALT Encoding   

  12  0:01  Probe (Chrono Boost)  
  13  0:12  Probe (Chrono Boost)  
  14  0:20  Pylon  
  14  0:23  Probe (Chrono Boost)  
  15  0:38  Probe (Chrono Boost)  
  15  0:40  Gateway  
  16  0:48  Probe (Chrono Boost)  
  17  0:54  Assimilator  
  17  0:59  Probe (Chrono Boost)  
  18  1:11  Probe (Chrono Boost)  
  19  1:22  Probe (Chrono Boost)  
  20  1:33  Probe (Chrono Boost)  
  20  1:34  Nexus  
  20  1:35  Assimilator  
  21  1:43  Probe (Chrono Boost)  
  22  1:48  Pylon  
  22  2:02  Cybernetics Core  
  22  2:04  Probe (Chrono Boost)  
  23  2:13  Zealot  
  25  2:23  Pylon  
  25  2:32  Pylon  
  25  2:33  Pylon  
  25  2:42  Mothership Core (Chrono Boost)  
  27  2:51  Stalker  
  29  3:17  Probe (Chrono Boost)  
  30  3:21  Zealot  
  30  3:26  Gateway  
  30  3:27  Probe (Chrono Boost), Warp Gate  
  32  3:28  Gateway  
  32  3:38  Probe (Chrono Boost)  
  32  4:04  Probe (Chrono Boost)  
  32  4:08  Pylon x2  
  33  4:15  Probe (Chrono Boost)  
  34  4:25  Probe (Chrono Boost)  
  34  4:29  Zealot (Chrono Boost)  
  41  4:32  Zealot x2 (Chrono Boost)  
  41  4:34  Probe (Chrono Boost)  
  42  4:40  Probe  
  42  4:44  Probe  
  43  4:52  Probe  
  45  4:53  Forge  
  45  4:54  Zealot (Chrono Boost)  
  49  5:00  Zealot x2 (Chrono Boost)  
  39  5:16  Probe  
  41  5:28  Probe  
  41  5:40  Probe  
  42  5:43  Probe  
  43  5:52  Probe  
  43  5:54  Probe  
  45  6:02  Assimilator  
  45  6:04  Probe x2  
  45  6:06  Assimilator  
  47  6:15  Probe  
  47  6:17  Probe, Protoss Ground Weapons Level 1  
  49  6:19  Robotics Facility  
  49  6:23  Stalker  
  49  6:25  Probe, Stalker  
  53  6:29  Probe  
  55  6:36  Probe  
  56  6:41  Probe  
  51  7:12  Immortal  
  55  7:19  Robotics Bay  
  55  7:26  Probe  
  56  7:37  Probe  
  56  7:41  Stalker  
  56  7:42  Stalker  
  59  7:47  Probe  
  59  7:49  Pylon  
  59  7:50  Pylon  
  60  7:52  Pylon  
  60  7:53  Pylon  
  60  7:54  Pylon  
  60  7:57  Pylon  
  60  7:58  Probe  
  61  8:08  Probe x2  
  63  8:19  Photon Cannon  
  57  8:20  Probe  
Tags
 
Add a new tag
Caveats
  • Supply blocks, unpowered buildings, or Contaminate may cause inaccurate times.
  • Supply counts are checked every 10 seconds.